 Dungeon Crawl Stone Soup version 0.19.0 (webtiles) character file.

35216 Grim the Grappler (level 13, 0/174 HPs)
             Began as a Minotaur Berserker on Nov 1, 2016.
             Was a High Priest of Trog.
             Slain by a soldier ant (5 damage)
             ... on level 14 of the Dungeon on Nov 2, 2016.
             The game lasted 00:59:11 (20626 turns).

Grim the Grappler (Minotaur Berserker)             Turns: 20626, Time: 00:59:12

Health: 0/174      AC: 21    Str: 27    XL:     13   Next: 46%
Magic:  12/12      EV: 21    Int:  6    God:    Trog [*****.]
Gold:   498        SH:  4    Dex: 22    Spells: 0 memorised, 12 levels left

rFire  + . .     SeeInvis .     b - +2 scimitar "Demonbane" {freeze, MR+ Dex+4 Stlth+}
rCold  + + +     Gourm    .     D - +0 plate armour
rNeg   . . .     Faith    .     (no shield)
rPois  +         Spirit   .     (helmet restricted)
rElec  +         Reflect  +     d - +0 cloak {rC+}
rCorr  +         Harm     .     w - +0 pair of gloves
MR     +....                    X - +2 pair of boots {Stlth+}
Stlth  ..........               V - +4 amulet of reflection
                                S - ring of protection from cold
                                C - ring of poison resistance

@: agile, berserking, resistant, very quick
A: retaliatory headbutt, horns 2
a: Berserk, Trog's Hand, Brothers in Arms, Burn Spellbooks, Renounce Religion


You were on level 14 of the Dungeon.
You worshipped Trog.
Trog was extremely pleased with you.
You were not hungry.

You visited 1 branch of the dungeon, and saw 14 of its levels.
You also visited: Sewer, Ossuary and Ice Cave.

You collected 858 gold pieces.
You spent 360 gold pieces at shops.

Inventory:

Hand Weapons
 a - a +3 arbalest of flaming
 b - the +2 scimitar "Demonbane" (weapon) {freeze, MR+ Dex+4 Stlth+}
   (You bought it in a shop on level 7 of the Dungeon)

   It has been specially enchanted to freeze those struck by it, causing extra
   injury to most foes and up to half again as much damage against particularly
   susceptible opponents.
   It can also slow down cold-blooded creatures.
   It affects your dexterity (+4).
   It affects your resistance to hostile enchantments.
   It makes you more stealthy.
 R - the +7 triple crossbow "Nucudwif" {elec, *Corrode MR- Str+7 Int+4}
   (Trog gifted it to you on level 7 of the Dungeon)

   It charges the ammunition it shoots with electricity; occasionally upon a
   hit, such missiles may discharge and cause terrible harm.
   It affects your strength (+7).
   It affects your intelligence (+4).
   It affects your resistance to hostile enchantments.
   It may corrode you when you take damage.
Missiles
 q - 2 throwing nets (quivered)
 t - 115 bolts
Armour
 d - a +0 cloak of cold resistance (worn)
 w - a +0 pair of gloves (worn)
 D - a +0 plate armour (worn)
 X - a +2 pair of boots of stealth (worn)
Jewellery
 g - an uncursed ring of see invisible
 s - an uncursed ring of resist corrosion
 C - a ring of poison resistance (left hand)
 S - a ring of protection from cold (right hand)
 V - a +4 amulet of reflection (around neck)
Wands
 u - a wand of confusion (48/48)
 x - a wand of flame (12/48)
 B - a wand of enslavement (7/24)
 G - a wand of enslavement (17/24)
 I - a wand of lightning (8/15)
 N - a wand of polymorph (8/24)
 W - a wand of random effects (11/48)
Scrolls
 e - a scroll of random uselessness
 i - a scroll of enchant weapon
 j - a scroll of brand weapon
 n - 5 scrolls of remove curse
 z - 4 scrolls of enchant armour
 L - a scroll of blinking
 P - 2 scrolls of teleportation
 U - a scroll of silence {unknown}
Potions
 c - 3 potions of curing
 h - 2 potions of mutation
 l - 4 potions of lignification
 m - 2 potions of berserk rage
 p - 3 potions of brilliance
 r - a potion of ambrosia
 F - 4 potions of magic
 H - 2 potions of flight
 J - 3 potions of haste
 K - 5 potions of heal wounds
 M - 4 potions of might
 O - a potion of agility
 Y - 3 potions of resistance
Comestibles
 k - 2 fruits
 v - a slice of pizza
 A - 9 beef jerkies
 Q - 6 bread rations


   Skills:
 - Level 11.4 Fighting
 + Level 10.7 Long Blades
 + Level 9.9 Crossbows
 - Level 11.5 Armour
 * Level 11.0 Dodging
 - Level 12.2 Unarmed Combat


You had 12 spell levels left.
You didn't know any spells.

Dungeon Overview and Level Annotations

Branches:
Dungeon (14/15)            Temple (0/1) D:7            Lair (0/6) D:9
    Orc (0/2) D:12
 Vaults: D:13-14

Altars:
Ashenzari
Cheibriados
Gozag
Nemelex Xobeh
Sif Muna
Trog
Zin
The Shining One

Shops:
D:7 (   D:10 (   D:11 (

Annotations:
D:14 Roxanne


Innate Abilities, Weirdness & Mutations

You reflexively headbutt those who attack you in melee.
You have a pair of horns on your head.


Message History

Roxanne is severely damaged.
Roxanne mumbles some strange words.
The iron shot hits you!
* * * LOW HITPOINT WARNING * * *
The soldier ant completely misses you.
You hit Roxanne but do no damage. You headbutt Roxanne, but do no damage.
Roxanne is severely damaged.
Roxanne casts a spell.
The bolt of magma hits you! You partially resist.
* * * LOW HITPOINT WARNING * * *
You hit Roxanne but do no damage. You headbutt Roxanne, but do no damage.
Roxanne is severely damaged.
The soldier ant stings you.
* * * LOW HITPOINT WARNING * * *
You hit Roxanne. You headbutt Roxanne!
Roxanne is almost destroyed.
You slash Roxanne!
Roxanne is almost destroyed.
The soldier ant stings you.
You die...

#.....#[.##..#
#.###...###..####.
# ##.#..........#
# #.
###.#.##..######
##.#.##.........#
............##.##
..........>....#
###.##.########
#..a@.# #...8.#
### #.#...####....
#...........≈≈
###...###.≈≈≈§
≈≈P≈≈ ##...##≈≈≈≈≈
≈≈≈P≈ ####.#.≈≈###
≈≈≈≈. #.....≈§§#..
≈≈≈≈≈ #.##.#≈≈§#.$


You could see Roxanne and a soldier ant.

Vanquished Creatures
  Kirke (D:13)
  A hydra (D:13)
  Fannar (D:10)
  Urug (D:11)
  An unseen horror (D:11)
  5 hill giants
  Pikel (D:7)
  A mana viper (shapeshifter) (D:13)
  2 manticores (D:12)
  3 ugly things
  3 cyclopes
  An ice statue (IceCv)
  Maurice (D:11)
  Psyche (D:11)
  A gargoyle (D:13)
  A komodo dragon (D:11)
  A tengu conjurer (D:14)
  12 polar bears (IceCv)
  4 trolls
  A two-headed ogre (D:14)
  Prince Ribbit (D:6)
  Grinder (D:4)
  A hippogriff (D:10)
  7 slime creatures
  Sigmund (D:6)
  A shadow (D:13)
  A wraith (Ossuary)
  32 yaks
  A wyvern (D:10)
  4 hogs (D:13)
  The ghost of veneficus the Chopper, an amateur DsAK of Lugonu (D:4)
  5 vampire mosquitoes
  2 mottled dragons
  2 hungry ghosts
  Duvessa (D:6)
  A slave (D:7)
  2 sky beasts
  A necrophage (D:10)
  8 orc warriors
  An eye of draining (D:12)
  7 ogres
  A black bear (D:7)
  A phantom (D:8)
  3 ice beasts
  12 wolves
  8 centaurs
  A crocodile (D:8)
  3 big kobolds
  4 bullfrogs
  An elf zombie (Ossuary)
  A gnoll sergeant (D:8)
  Dowan (D:6)
  5 scorpions
  10 killer bees
  3 wights (D:12)
  A howler monkey (D:6)
  3 electric eels
  2 centaur zombies
  7 crimson imps
  6 bullfrog skeletons
  8 hounds
  5 jellies
  28 orc wizards
  A gnoll shaman (D:8)
  Crazy Yiuf (D:7)
  Jessica (D:2)
  11 orc priests
  An iguana (D:4)
  3 worker ants
  Natasha (thrice) (D:2)
  A killer bee zombie (D:9)
  A hound zombie (D:8)
  2 hound skeletons
  4 mummies
  18 gnolls
  15 adders
  2 river rats (Sewer)
  3 shadow imps
  12 white imps (D:13)
  2 oozes
  2 adder skeletons
  An adder zombie (D:5)
  2 worms
  A dart slug (D:3)
  8 leopard geckos
  37 orcs
  4 bats
  12 giant cockroaches
  2 gnoll zombies (Ossuary)
  9 goblins
  9 hobgoblins
  5 jackals
  5 quokkas
  9 ball pythons
  10 frilled lizards
  2 goblin zombies (Ossuary)
  A hobgoblin zombie (Ossuary)
  A jackal skeleton (D:6)
  23 kobolds
  2 kobold zombies (Ossuary)
  A leopard gecko skeleton (D:5)
  A leopard gecko zombie (D:5)
  18 rats
484 creatures vanquished.

Vanquished Creatures (collateral kills)
  A frost giant (IceCv)
  2 polar bears (IceCv)
  3 yaks (IceCv)
  A wolf (IceCv)
7 creatures vanquished.

Vanquished Creatures (others)
  Nessos (D:14)
  A water elemental (D:14)
  2 humans (D:13)
  2 slaves (D:7)
  2 orcs
  A goblin zombie (Ossuary)
  2 plants (D:14)
11 creatures vanquished.

Grand Total: 502 creatures vanquished

Notes
Turn   | Place    | Note
-------+----------+-------------------------------------------
     0 | D:1      | Grim the Minotaur Berserker began the quest for the Orb.
     0 | D:1      | Reached XP level 1. HP: 19/19 MP: 0/0
   308 | D:1      | Reached skill level 4 in Unarmed Combat
   308 | D:1      | Reached XP level 2. HP: 21/26 MP: 1/1
   932 | D:2      | Reached XP level 3. HP: 17/31 MP: 2/2
   936 | D:2      | Reached skill level 5 in Unarmed Combat
   940 | D:2      | Reached ** piety under Trog
  1191 | D:2      | Reached XP level 4. HP: 39/39 MP: 3/3
  1258 | D:2      | Noticed Jessica
  1259 | D:2      | Noticed Natasha
  1263 | D:2      | Killed Jessica
  1266 | D:2      | Killed Natasha
  1266 | D:2      | Reached skill level 6 in Unarmed Combat
  1478 | D:2      | Reached XP level 5. HP: 45/45 MP: 4/4
  1528 | D:2      | Found a sparkling altar of Nemelex Xobeh.
  1569 | D:2      | Noticed Natasha
  1575 | D:2      | Killed Natasha
  1788 | D:2      | Noticed Natasha
  1795 | D:2      | Killed Natasha
  1795 | D:2      | Reached skill level 7 in Unarmed Combat
  1939 | D:3      | Found a shattered altar of Ashenzari.
  1942 | D:3      | Found a deep blue altar of Sif Muna.
  1959 | D:3      | Reached XP level 6. HP: 17/51 MP: 5/5
  1963 | D:3      | Found a snail-covered altar of Cheibriados.
  2464 | D:3      | Reached *** piety under Trog
  2719 | D:3      | Reached skill level 8 in Unarmed Combat
  3442 | D:4      | Noticed Grinder
  3542 | D:4      | Killed Grinder
  3542 | D:4      | Reached skill level 9 in Unarmed Combat
  3542 | D:4      | Reached XP level 7. HP: 32/57 MP: 6/6
  3617 | D:4      | Noticed veneficus's ghost (amateur DsAK)
  3620 | D:4      | Killed veneficus's ghost
  3967 | D:4      | Reached skill level 10 in Unarmed Combat
  4331 | D:5      | Entered Level 5 of the Dungeon
  4389 | D:5      | Reached XP level 8. HP: 66/66 MP: 7/7
  4431 | D:5      | Found a glowing silver altar of Zin.
  4483 | D:5      | Found an opulent altar of Gozag.
  4569 | D:5      | Reached skill level 5 in Fighting
  4652 | D:5      | Reached **** piety under Trog
  5311 | D:6      | Noticed Prince Ribbit
  5326 | D:6      | Killed Prince Ribbit
  5326 | D:6      | Reached skill level 11 in Unarmed Combat
  5395 | D:6      | Found a glowing drain.
  5408 | Sewer    | Entered a sewer
  5832 | D:6      | Noticed Sigmund
  5837 | D:6      | Killed Sigmund
  5924 | D:6      | Reached XP level 9. HP: 72/81 MP: 8/8
  6074 | D:6      | Noticed Duvessa
  6083 | D:6      | Killed Duvessa
  6084 | D:6      | Noticed Dowan
  6088 | D:6      | Killed Dowan
  6497 | D:6      | Reached ***** piety under Trog
  6836 | D:7      | Found a sand-covered staircase.
  6845 | Ossuary  | Entered an ossuary
  7130 | Ossuary  | Reached skill level 10 in Fighting
  7343 | D:7      | Found a bloodstained altar of Trog.
  7497 | D:7      | Found a deep blue altar of Sif Muna.
  7574 | D:7      | Found a runed door.
  7650 | D:7      | Reached skill level 12 in Unarmed Combat
  7762 | D:7      | Found a staircase to the Ecumenical Temple.
  7914 | D:7      | Noticed Pikel
  7925 | D:7      | Killed Pikel
  7925 | D:7      | Reached XP level 10. HP: 96/96 MP: 9/9
  7938 | D:7      | Received a gift from Trog
  7941 | D:7      | Got a faintly glowing triple crossbow {god gift}
  7942 | D:7      | Identified the +7 triple crossbow "Nucudwif" {elec, *Corrode MR- Str+7 Int+4} (Trog gifted it to you on level 7 of the Dungeon)
  7968 | D:7      | Found Araodoiq's Antique Weapon Shop.
  7974 | D:7      | Bought a crystal dire flail for 180 gold pieces
  7974 | D:7      | Bought a smoking scimitar for 180 gold pieces
  7974 | D:7      | Identified the +9 dire flail "Ziram" {speed, Fragile Str+4 Dex+5} (You bought it in a shop on level 7 of the Dungeon)
  7975 | D:7      | Identified the +2 scimitar "Demonbane" {freeze, MR+ Dex+4 Stlth+} (You bought it in a shop on level 7 of the Dungeon)
  8609 | D:7      | Noticed Crazy Yiuf
  8616 | D:7      | Killed Crazy Yiuf
  8791 | D:8      | Reached skill level 1 in Long Blades
  9064 | D:8      | Reached skill level 5 in Armour
  9452 | D:9      | Reached skill level 1 in Crossbows
 10012 | D:9      | Received a gift from Trog
 10406 | D:9      | Found a staircase to the Lair.
 11305 | D:10     | Entered Level 10 of the Dungeon
 11444 | D:10     | Reached skill level 5 in Long Blades
 11444 | D:10     | Reached XP level 11. HP: 52/102 MP: 10/10
 12285 | D:10     | Noticed Fannar
 12298 | D:10     | Killed Fannar
 12586 | D:10     | Found Wachioc's Weapon Shop.
 12607 | D:10     | Reached skill level 10 in Armour
 12861 | D:11     | Noticed Urug
 12982 | D:11     | Noticed Psyche
 12999 | D:11     | Killed Urug
 12999 | D:11     | Reached skill level 5 in Crossbows
 13000 | D:11     | Killed Psyche
 13141 | D:11     | Noticed an unseen horror
 13369 | D:10     | Noticed a cyan ugly thing
 13373 | D:10     | Killed a cyan ugly thing
 13569 | D:11     | Noticed Maurice
 13576 | D:11     | Killed Maurice
 13576 | D:11     | Killed an unseen horror
 13948 | D:11     | Found Caneumuk's Weapon Shop.
 14012 | D:11     | Received a gift from Trog
 14510 | D:12     | Noticed a brown ugly thing
 14514 | D:12     | Noticed a green ugly thing
 14522 | D:12     | Killed a brown ugly thing
 14522 | D:12     | Reached XP level 12. HP: 108/110 MP: 11/11
 14847 | D:12     | Reached skill level 5 in Dodging
 15629 | D:12     | Found a glowing golden altar of the Shining One.
 15980 | D:12     | Found a staircase to the Orcish Mines.
 16285 | D:13     | Found a frozen archway.
 16295 | D:13     | Received a gift from Trog
 16323 | IceCv    | Entered an ice cave
 17235 | IceCv    | Noticed a frost giant
 17243 | IceCv    | Killed a frost giant
 17835 | D:13     | Noticed an eight-headed hydra
 17847 | D:13     | Killed a 12-headed hydra
 17847 | D:13     | Reached skill level 10 in Long Blades
 17847 | D:13     | Reached XP level 13. HP: 116/116 MP: 12/12
 18024 | D:13     | Noticed Kirke
 18040 | D:13     | Killed Kirke
 18050 | D:13     | Reached skill level 10 in Dodging
 19787 | D:14     | Noticed Nessos
 20003 | D:14     | Killed Nessos
 20236 | D:14     | Noticed Roxanne
 20624 | D:14     | HP: 5/174 [soldier ant (6)]
 20626 | D:14     | Slain by a soldier ant

Skill      XL: |  1  2  3  4  5  6  7  8  9 10 11 12 13 |
---------------+----------------------------------------+-----
Unarmed Combat | 4 5 6 7 9 10 11 12 | 12.2
Fighting       | 4 8 11 | 11.4
Armour         | 8 11 | 11.5
Long Blades    | 5 7 10 | 10.7
Crossbows      | 3 6 8 9 |  9.9
Dodging        | 4 9 11 | 11.0

Action                   |  1- 3 |  4- 6 |  7- 9 | 10-12 | 13-15 || total
-------------------------+-------+-------+-------+-------+-------++-------
Melee: Unarmed           |    52 |   146 |   275 |     1 |       ||   474
       Headbutt          |     9 |    31 |    64 |   224 |    59 ||   387
       Punch             |       |     2 |     7 |    48 |    13 ||    70
       Scimitar          |       |       |       |   716 |   145 ||   861
 Fire: Arbalest          |       |       |       |     5 |     8 ||    13
Throw: Throwing net      |       |       |       |     2 |       ||     2
Invok: Berserk           |     1 |     3 |     1 |    12 |     4 ||    21
       Trog's Hand       |       |     1 |     2 |     4 |     4 ||    11
       Burn Spellbooks   |       |       |     1 |     1 |       ||     2
       Brothers in Arms  |       |       |       |     1 |       ||     1
  Use: Scroll            |       |     5 |    10 |    15 |     3 ||    33
       Potion            |       |       |       |     4 |     2 ||     6
  Eat: Chunk             |     2 |     9 |    13 |    36 |     8 ||    68
       Bread ration      |       |       |     1 |       |     2 ||     3
       Meat ration       |       |       |       |     2 |       ||     2
Armor: Animal skin       |     6 |    11 |       |       |       ||    17
       Chain mail        |       |    16 |    95 |       |       ||   111
       Leather armour    |       |     4 |       |       |       ||     4
       Plate armour      |       |       |    19 |   579 |    71 ||   669
Dodge: Dodged            |    29 |    56 |    85 |   422 |    94 ||   686
Block: Other             |       |       |       |    95 |    29 ||   124
       Reflection        |       |       |       |       |     5 ||     5
       Rpst.: Scimitar   |       |       |       |    93 |    25 ||   118
